 Dungeon Crawl Stone Soup version 0.29.1-15-g9cfb28693d (webtiles) character file.

Game seed: 15096277821697396224

91 Descartes the Digger (level 4, -6/24 HPs)
             Began as a Gargoyle Earth Elementalist on Apr 2, 2023.
             Mangled by a lemure (7 damage)
             ... led by Pikel
             ... on level 3 of the Dungeon.
             The game lasted 00:04:09 (3029 turns).

Descartes the Digger (Gargoyle Earth Elementalist)  Turns: 3029, Time: 00:04:09

Health: -6/24      AC:  5    Str: 13    XL:     4   Next: 57%
Magic:  0/8        EV: 11    Int: 16    God:
Gold:   100        SH:  0    Dex: 10    Spells: 6/9 levels left

rFire   . . .      SeeInvis .   f - +0 whip (pain)
rCold   . . .      Faith    .   (no shield)
rNeg    + . .      Spirit   +   a - +0 robe
rPois   ∞          Reflect  .   (no helmet)
rElec   +          Harm     .   (no cloak)
rCorr   .          Rampage  .   (no gloves)
Will    .....                   (no boots)
Stlth   ++........              d - amulet of guardian spirit
HPRegen 0.08/turn               (no ring)
MPRegen 0.11/turn               (no ring)

@: no status effects
A: sickness immunity, AC +3, negative energy resistance 1, electricity
resistance, torment resistance 1, petrification resistance
a: no special abilities


You were on level 3 of the Dungeon.
You visited 1 branch of the dungeon, and saw 4 of its levels.

You collected 100 gold pieces.

Inventory:

Hand Weapons
 f - a +0 whip of pain (weapon)
 q - a +2 short sword of venom
Missiles
 m - 9 javelins
 n - 5 boomerangs
Armour
 a - a +0 robe (worn)
Jewellery
 d - an amulet of guardian spirit (around neck)
 s - a ring of ice
Scrolls
 c - 3 scrolls of teleportation {unknown}
 g - a scroll of amnesia {unknown}
 i - a scroll of noise {unknown}
 k - 2 scrolls of fog {unknown}
 o - a scroll of torment {unknown}
 r - a scroll of blinking {unknown}
Potions
 b - a potion of magic
 e - a potion of haste {unknown}
 h - 3 potions of mutation {unknown}
 j - 2 potions of curing {unknown}
 l - a potion of attraction {unknown}
 p - a potion of brilliance {unknown}


   Skills:
 - Level 1.5 Dodging
 - Level 2.1 Stealth
 + Level 3.0 Spellcasting
 - Level 0.7 Transmutations
 + Level 4.7 Earth Magic
 + Level 1.7 Evocations


You had 6 spell levels left.
You knew the following spells:

 Your Spells              Type           Power      Damage    Failure   Level
a - Sandblast             Erth           34%        2d9       2%          1
b - Passwall              Tmut/Erth      9%         N/A       10%         2

Your spell library contained the following spells:

 Spells                   Type           Power      Damage    Failure   Level
 Apportation              Tloc           4%         N/A       19%         1
 Magic Dart               Conj           8%         1d3       19%         1
 Stone Arrow              Conj/Erth      20%        3d8       22%         3
 Searing Ray              Conj           4%         2d4       28%         2
 Dazzling Flash           Conj/Hex       4%         N/A       50%         3
 Petrify                  Tmut/Erth      11%        N/A       52%         4
 Fulminant Prism          Conj/Hex       1%         3d6       88%         4
 Iskenderun's Mystic Bla  Conj/Tloc      2%         2d3       88%         4
 Alistair's Intoxication  Tmut/Pois      2%         N/A       99%         5
 Starburst                Conj/Fire      1%         6d3       100%        6


Dungeon Overview and Level Annotations

Branches:
Dungeon (4/15)
 Temple: D:4-7

Altars:
Wu Jian

Annotations:
D:4 Pikel


Innate Abilities, Weirdness & Mutations

You are immune to sickness and miasma.
Your stone body is resilient. (AC +3)
You are immune to poison.
You resist negative energy. (rN+)
You are resistant to electric shocks. (rElec)
You are resistant to unholy torment.
You are immune to petrification.


Message History

Aim: a lemure (moderately wounded, 77% to hit)
The blast of sand misses the lemure.
The lemure hits you. x2
Casting: Sandblast (safe; 2% risk of failure)
Confirm with . or Enter, or press ? or * to list all spells.
Aiming: Sandblast (safe; 2% risk of failure)
Press: ? - help, Shift-Dir - straight line, f/p - lemure
Aim: a lemure (moderately wounded, 77% to hit)
The blast of sand hits the lemure.
The lemure is heavily wounded.
The lemure hits you but does no damage.
Casting: Sandblast (safe; 2% risk of failure)
Confirm with . or Enter, or press ? or * to list all spells.
Aiming: Sandblast (safe; 2% risk of failure)
Press: ? - help, Shift-Dir - straight line, f/p - lemure
Aim: a lemure (moderately wounded, 77% to hit)
The blast of sand hits the lemure but does no damage.
The lemure is moderately wounded.
The lemure closely misses you. The lemure barely misses you.
Casting: Sandblast (safe; 2% risk of failure)
Confirm with . or Enter, or press ? or * to list all spells.
Aiming: Sandblast (safe; 2% risk of failure)
Press: ? - help, Shift-Dir - straight line, f/p - lemure
Aim: a lemure (moderately wounded, 77% to hit)
The blast of sand hits the lemure!
The lemure is almost dead.
The lemure hits you but does no damage.
Casting: Sandblast (safe; 2% risk of failure)
Confirm with . or Enter, or press ? or * to list all spells.
You don't have enough magic to cast this spell.
Unknown command.
You miss the lemure.
The lemure is almost dead.
The lemure hits you!
You hit the lemure.
The lemure is almost dead.
The lemure hits you!
* * * LOW HITPOINT WARNING * * *
The lemure attacks as you move away! The lemure barely misses you.
The lemure attacks as you move away! The lemure hits you!
You die...

######### #.# ########## #.#
#........########.#
#........##.....#.#
#..####..##.###.#.# #..#........#
#.#.# #..#.##..##.###.#.##
#.......(##........###
#.##......##.#.@5....#
#.......†.##...#.>.#.#
#####......#######.##.###########
.# #.###..# #.##...........# .#
#.###..# #.############.# .#
#......# ##'## #.# .# #####.##
##...## #.# .# ##.# ##.....##
####.# .# ##..# ##.......##
##.##.#


You could see a lemure.

Vanquished Creatures
  3 adders
  A worm (D:2)
  2 dart slugs
  An orc (D:3)
  3 ball pythons
  6 bats
  6 endoplasms
  2 giant cockroaches
  4 goblins
  5 hobgoblins
  7 jackals
  2 quokkas
  3 frilled lizards
  3 kobolds
  3 rats
51 creatures vanquished.

Vanquished Creatures (others)
  A giant cockroach (D:4)
1 creature vanquished.

Grand Total: 52 creatures vanquished

Notes
Turn   | Place    | Note
-------+----------+-------------------------------------------
     0 | D:1      | Descartes the Gargoyle Earth Elementalist began the quest
                  | for the Orb.
     0 | D:1      | Reached XP level 1. HP: 10/10 MP: 3/3
    46 | D:1      | Found a faded altar of an unknown god.
   250 | D:1      | Reached XP level 2. HP: 15/15 MP: 3/5
   277 | D:1      | Reached skill level 4 in Earth Magic
   883 | D:1      | Reached XP level 3. HP: 19/19 MP: 4/6
  1276 | D:2      | Reached skill level 1 in Evocations
  1347 | D:2      | Found an ornate altar of the Wu Jian Council.
  2163 | D:3      | Reached XP level 4. HP: 22/24 MP: 3/8
  2583 | D:3      | Learned a level 2 spell: Passwall
  3006 | D:4      | Noticed a lemure
  3006 | D:4      | Noticed a lemure
  3007 | D:4      | Noticed Pikel
  3007 | D:4      | Noticed a lemure
  3026 | D:3      | HP: 1/24 [lemure[Pikel] (8)]
  3029 | D:3      | Mangled by a lemure

Illustrated notes

Levels and vault maps discovered:
D:1:      wander_arrival_desolate, layout_basic, ebering_ecumenical_altar_box,
          nrook_loot_triangle
D:2:      layout_loops_ring, basic_altar, minmay_pentomino_pile
D:3:      layout_loops_corners
D:4:      layout_basic, elyvilon_altar_4, nicolae_ru_path_of_blood,
          lemuel_tele_altar, uniq_eustachio, uniq_pikel

Skill      XL: |  1  2  3  4 |
---------------+-------------+-----
Earth Magic    | 4 |  4.7
Evocations     | 1 |  1.7
Spellcasting   | 3 |  3.0
Dodging        | |  1.5
Stealth        | |  2.1
Transmutations | |  0.7

Action                   |  1- 3 |  4- 6 || total
-------------------------+-------+-------++-------
Melee: Whip              |       |     2 ||     2
 Cast: Sandblast         |    53 |    27 ||    80
Armor: Robe              |     7 |     5 ||    12
Dodge: Dodged            |    11 |    12 ||    23
